Map: Tokamak LE

Players

EvilGazebo

  • Race: Zerg Zerg
  • League: Silver
  • Spawn Location: 7:00

Senjiu - Winner!

  • Race: Protoss Protoss
  • League: Diamond
  • Spawn Location: 1:00

VOD

Have the link to the VOD?

Description

Time

  • Played on: Sept. 18, 2025, 3:18 p.m.
  • Length: 7:00
Show
View Real Time Build Order
Export as new Build Order

EvilGazebo Zerg 

Build Orders: Hatch First 

Get SALT Encoding   

  12  0:04  Drone  
  13  0:12  Overlord  
  13  0:20  Drone  
  14  0:23  Extractor  
  14  0:24  Drone  
  15  0:47  Hatchery  
  15  0:48  Drone  
  15  0:52  Drone  
  16  1:07  Spawning Pool  
  16  1:10  Drone  
  16  1:14  Extractor  
  16  1:15  Drone  
  16  1:22  Drone  
  17  1:32  Drone x2  
  19  1:54  Queen  
  19  1:58  Queen  
  19  2:00  Overlord  
  23  2:06  Overlord  
  23  2:11  Zergling x2  
  23  2:14  Zergling x2  
  25  2:18  Zergling x2  
  25  2:30  Drone  
  25  2:31  Drone x2  
  28  2:41  Drone x2  
  30  2:52  Drone x2  
  30  2:53  Roach Warren  
  31  3:04  Drone x3  
  33  3:22  Drone x5  
  33  3:23  Drone  
  38  3:34  Drone x2  
  38  3:39  Queen  
  42  3:43  Lair  
  42  3:48  Drone x3  
  44  3:54  Overlord x3, Extractor  
  43  3:58  Extractor  
  42  4:05  Drone x2  
  44  4:12  Extractor  
  43  4:18  Evolution Chamber  
  43  4:22  Evolution Chamber  
  41  4:24  Spore Crawler  
  41  4:26  Spore Crawler  
  41  4:27  Drone x5  
  41  4:28  Drone x4  
  48  4:39  Roach x2  
  52  4:50  Glial Reconstitution  
  54  4:52  Roach  
  54  4:53  Roach  
  56  5:07  Overlord x2  
  56  5:10  Hatchery  
  55  5:15  Roach x3  
  55  5:16  Roach  
  55  5:19  Ravager  
  55  5:20  Ravager  
  65  5:31  Overseer  
  65  5:34  Overseer  
  65  5:35  Overseer  
  65  5:38  Roach  
  67  5:44  Ravager  
  70  6:04  Roach x4  
  64  6:22  Roach  
  64  6:23  Roach x8  
Show
View Real Time Build Order
Export as new Build Order

Senjiu Protoss - Winner!

Build Orders: 1 Gate Expand, Chargelot Immortal 

Get SALT Encoding   

  12  0:00  Probe  
  13  0:13  Probe  
  14  0:20  Pylon  
  14  0:25  Probe  
  15  0:36  Probe  
  15  0:40  Gateway  
  16  0:44  Probe  
  17  0:50  Assimilator  
  17  0:52  Probe  
  18  1:04  Probe  
  19  1:16  Probe  
  20  1:27  Nexus  
  20  1:35  Cybernetics Core  
  20  1:39  Probe  
  21  1:51  Assimilator  
  21  1:52  Probe  
  22  1:56  Pylon  
  22  2:04  Probe  
  22  2:06  Gateway  
  23  2:20  Adept  
  23  2:29  Robotics Facility  
  23  2:32  Warp Gate  
  23  2:35  Probe  
  25  2:39  Pylon, Probe  
  25  2:43  Probe  
  27  2:51  Probe  
  29  2:53  Probe  
  30  3:03  Probe  
  30  3:05  Probe  
  32  3:07  Twilight Council  
  32  3:08  Stalker  
  32  3:13  Stalker  
  32  3:15  Probe  
  32  3:17  Probe  
  38  3:24  Shield Battery  
  38  3:25  Shield Battery  
  36  3:30  Probe x2  
  38  3:34  Stalker  
  40  3:52  Probe x2  
  40  3:53  Immortal  
  46  4:04  Probe, Charge  
  46  4:05  Probe  
  46  4:08  Forge  
  48  4:10  Pylon, Protoss Ground Weapons Level 1  
  48  4:14  Pylon  
  48  4:17  Pylon, Probe  
  49  4:21  Immortal  
  49  4:32  Gateway  
  49  4:36  Pylon  
  53  4:46  Zealot x2  
  57  4:54  Immortal  
  57  5:00  Gateway  
  57  5:01  Gateway  
  61  5:08  Zealot x2  
  65  5:29  Zealot x3  
  71  5:39  Immortal  
  75  5:51  Zealot x3  
  81  5:57  Zealot x2  
  79  6:50  Zealot x4  
  79  6:51  Zealot  
Tags
 
Add a new tag
Caveats
  • Supply blocks, unpowered buildings, or Contaminate may cause inaccurate times.
  • Supply counts are checked every 10 seconds.